 Dungeon Crawl Stone Soup version 0.29-a0-473-gacb4ef3bc5 (webtiles) character file.

Game seed: 15240959218121196933

262527 Bruhh the Warrior (level 20, -2/221 HPs)
             Began as an Ogre Earth Elementalist on May 23, 2022.
             Was the Champion of Vehumet.
             Slain by a phantasmal warrior (24 damage)
             ... summoned by a curse skull
             ... on level 3 of the Vaults.
             The game lasted 01:41:46 (48811 turns).

Bruhh the Warrior (Ogre Earth Elementalist)        Turns: 48811, Time: 01:41:47

Health: -2/221     AC:  9    Str: 25    XL:     20   Next: 40%
Magic:  48/48      EV:  8    Int: 28    God:    Vehumet [******]
Gold:   503        SH: 11    Dex:  6    Spells: 3/43 levels left

rFire   + . .      SeeInvis .   I - +5 mace of Maedul {holy, +Blink Int+6}
rCold   + . .      Faith    .   r - +0 kite shield of Noecuyba {rF+ rC+ Str+8 Dex-3}
rNeg    . . .      Spirit   .   Z - +0 troll leather armour
rPois   .          Reflect  .   (helmet restricted)
rElec   .          Harm     .   t - +0 cloak
rCorr   .          Rampage  .   (gloves unavailable)
Will    +++..      Clarity  +   (boots unavailable)
Stlth   +.........              m - amulet of regeneration
HPRegen 2.06/turn               H - ring of magical power
MPRegen 0.31/turn               E - ring of willpower

@: about to teleport, studying Fighting, unable to drink
A: large, unfitting armour, tough skin 1, horns 1, iridescent scales 1, clarity,
high MP 1, passive freeze
}: 1/15 runes: barnacled
a: Renounce Religion, Evoke Blink


You were on level 3 of the Vaults.
You worshipped Vehumet.
Vehumet was exalted by your worship.
You visited 6 branches of the dungeon, and saw 31 of its levels.
You visited 1 bazaar.
You also visited: Ossuary.

You collected 3111 gold pieces.
You spent 2608 gold pieces at shops.

Inventory:

Hand Weapons
 I - the +5 mace of Maedul (weapon) {holy, +Blink Int+6}
   (You found it on level 7 of the Dungeon)

   It has been blessed by the Shining One to cause great damage to the undead
   and demons.
   Int:       It affects your intelligence (+6).
   +Blink:    It lets you blink.
Missiles
 a - 823 stones
 x - 6 throwing nets
Armour
 r - the +0 kite shield of Noecuyba (worn) {rF+ rC+ Str+8 Dex-3}
   (You acquired it on level 6 of the Lair of Beasts)

   Str:       It affects your strength (+8).
   Dex:       It affects your dexterity (-3).
   rF:        It protects you from fire.
   rC:        It protects you from cold.
 t - a +0 cloak (worn)
 F - the +18 shield of the Gong {rElec rN+ Will+ EV-5}
   (You acquired it on level 4 of the Shoals)

   It is deafeningly noisy when blocking attacks.
   EV:        It affects your evasion (-5).
   rElec:     It insulates you from electricity.
   rN:        It protects you from negative energy.
   Will:      It increases your willpower.
 P - a +2 robe of the Archmagi
 Z - a +0 troll leather armour (worn)
Jewellery
 m - an amulet of regeneration (around neck)
 E - a ring of willpower (right hand)
 H - a ring of magical power (left hand)
 T - an amulet of reflection
Wands
 b - a wand of digging (3)
 c - a wand of charming (9)
 d - a wand of acid (1)
 f - a wand of polymorph (13)
 h - a wand of iceblast (20)
 w - a wand of flame (20)
 Q - a wand of paralysis (17)
 R - a wand of mindburst (7)
Scrolls
 e - 8 scrolls of vulnerability
 i - 8 scrolls of enchant armour
 k - 4 scrolls of silence
 l - 7 scrolls of magic mapping
 o - 6 scrolls of poison
 p - 5 scrolls of amnesia
 q - 2 scrolls of fear
 y - 10 scrolls of immolation
 A - 7 scrolls of fog
 C - 14 scrolls of teleportation
 K - 7 scrolls of enchant weapon
 M - a scroll of brand weapon
 U - 3 scrolls of torment
Potions
 g - 5 potions of curing
 j - a potion of brilliance
 n - 9 potions of ambrosia
 s - a potion of invisibility
 v - 5 potions of flight
 z - 7 potions of haste
 B - 3 potions of attraction
 D - a potion of cancellation
 G - a potion of resistance
 L - 7 potions of lignification
 O - 6 potions of mutation
 S - 3 potions of heal wounds
 W - 7 potions of might
Miscellaneous
 u - a phantom mirror
 J - a tin of tremorstones (2/2)
 V - a condenser vane
 X - a phial of floods
 Y - a lightning rod (4/4)


   Skills:
 - Level 18.0 Fighting
 - Level 7.4 Armour
 - Level 1.7 Dodging
 - Level 1.4 Stealth
 - Level 14.0 Shields
 - Level 12.1 Spellcasting
 - Level 6.0 Conjurations
 - Level 0.8 Transmutations
 - Level 12.0 Ice Magic
 * Level 16.6 Earth Magic
 - Level 10.0 Poison Magic
 - Level 10.0 Evocations


You had 3 spell levels left.
You knew the following spells:

 Your Spells              Type           Power      Damage    Failure   Level
a - Sandblast             Erth           100%       2d20      0%          1
b - Stone Arrow           Conj/Erth      100%       3d13      1%          3
c - Eringya's Noxious Bo  Tmut/Pois      23%        N/A       24%         6
d - Olgreb's Toxic Radia  Pois           64%        N/A       1%          4
e - Frozen Ramparts       Ice            100%       1d12      1%          3
f - Iron Shot             Conj/Erth      34%        9d7       2%          6
g - Borgnjor's Vile Clut  Necr/Erth      29%        N/A       5%          5
h - Ozocubu's Refrigerat  Ice            35%        4d12      10%         7
i - Freezing Cloud        Conj/Ice/Air   25%        6-21      4%          5

Your spell library contained the following spells:

 Spells                   Type           Power      Damage    Failure   Level
 Shatter                  Erth           42%        3d33*     80%         9
 Maxwell's Capacitive Co  Air            8%         ∞         100%        8
 Polar Vortex             Ice            35%        N/A       100%        9
 Magic Dart               Conj           100%       1d8       1%          1
 Sting                    Tmut/Pois      100%       1d8       1%          1
 Passwall                 Tmut/Erth      50%        N/A       1%          2
 Poisonous Vapours        Pois/Air       90%        N/A       1%          2
 Apportation              Tloc           34%        N/A       6%          1
 Necrotize                Necr           68%        1d7       6%          1
 Slow                     Hex            68%        N/A       6%          1
 Summon Small Mammal      Summ           68%        N/A       6%          1
 Blink                    Tloc           34%        N/A       9%          2
 Confusing Touch          Hex            17%        N/A       17%         3
 Lesser Beckoning         Tloc           17%        N/A       17%         3
 Vampiric Draining        Necr           17%        2d7       17%         3
 Petrify                  Tmut/Erth      60%        N/A       1%          4
 Iskenderun's Mystic Bla  Conj/Tloc      33%        2d8       4%          4
 Iskenderun's Battlesphe  Conj           50%        2d10      4%          5
 Lightning Bolt           Conj/Air       16%        1d30      13%         5
 Airstrike                Air            8%         N/A       16%         4
 Alistair's Intoxication  Tmut/Pois      31%        N/A       17%         5
 Animate Dead             Necr           17%        N/A       50%         4
 Summon Lightning Spire   Summ/Air       17%        N/A       50%         4
 Manifold Assault         Tloc           17%        N/A       85%         5
 Spellforged Servitor     Conj/Summ      16%        N/A       96%         7
 Death Channel            Necr           8%         N/A       100%        6
 Chain Lightning          Conj/Air       16%        3d22      100%        9


Dungeon Overview and Level Annotations

Branches:
Dungeon (14/15)            Temple (0/1) D:4            Lair (6/6) D:10
 Shoals (4/4) Lair:4       Spider (0/4) Lair:2        Slime (2/5) Lair:5
    Orc (2/2) D:9             Elf (0/3) Orc:2        Vaults (3/5) D:13
  Crypt (0/3) Vaults:3    Ossuary (visited)

Altars:
Ashenzari
Dithmenos
Elyvilon
Gozag
Kikubaaqudgha
Makhleb
Nemelex Xobeh
Okawaru
Qazlal
Ru
Sif Muna
Uskayaw
Vehumet
Yredelemnul
Beogh

Shops:
D:3 [(((*   D:11 (   Orc:2 =*=[(?[   Shoals:3 *

Annotations:
D:3 2 transporters, Sat's ghost, novice MiBe
D:5 2 runed translucent doors, generaletaddeo's ghost, amateur DjCA
D:7 exclusion: statue
Lair:6 exclusion: obsidian statue


Innate Abilities, Weirdness & Mutations

You are too large for most types of armour.
You have tough skin. (AC +1)
You have a pair of small horns on your head.
You are partially covered in iridescent scales. (AC +2)
You possess an exceptional clarity of mind.
You have an increased reservoir of magic. (+10% MP)
A frigid envelope surrounds you and freezes all who hurt you.


Message History

The vampire knight hits you from afar with a +0 bardiche!
* * * LOW HITPOINT WARNING * * *
The curse skull calls on the powers of darkness!
Your body is wracked with pain!
* * * LOW HITPOINT WARNING * * *
Unknown command.
Okay, then.
You cannot drink potions in your current state!
Casting: Ozocubu's Refrigeration (dangerous; 10% risk of failure)
Confirm with . or Enter, or press ? or * to list all spells.
Okay, then.
Hit: I) +5 mace of Maedul {holy, +Blink Int+6}
Press: ? - help, Dir - move target, f/p - curse skull
Aim: a curse skull (lightly damaged, about 11% to evade the +5 mace of Maedul)
Okay, then.
You can't see any enemies this would affect, really read the scroll of fear?
Okay, then.
You cannot drink potions in your current state!
Okay, then.
You cannot drink potions in your current state!
Unknown command.
As you read the scroll of fog, it crumbles to dust.
The scroll dissolves into smoke.
The curse skull rattles its jaw.
You block the vampire knight's attack.
Okay, then.
As you read the scroll of teleportation, it crumbles to dust.
You feel strangely unstable.
The curse skull rattles its jaw. x2
The vampire knight hits you from afar with a +0 bardiche.
* * * LOW HITPOINT WARNING * * *
You block the phantasmal warrior's attack.
The freezing wraith hits you.
* * * LOW HITPOINT WARNING * * *
The freezing wraith freezes you! You resist.
* * * LOW HITPOINT WARNING * * *
The freezing wraith completely resists.
The freezing wraith barely misses you.
The phantasmal warrior attacks as you move away!
The phantasmal warrior hits you!!
You die...

#.......#... #.......+...
#.......#...
#############'#... ####
###.............+...
.......#.............#...
.#...#.#§§####.####..####
.....§.#§§# ### #..#
..Z#.WW#@§# #..####
....z.zzW§### ###..#...
.>V.W#V#§§§.# #....'...
..V .z§#...## ###..#... †
#...#..... #..#...
.)...#..#.... #..#...
#...#.#..##..... ...#...
.†!....#... .........####
########... .........#


You could see a vampire knight, a curse skull, a phantasmal warrior (summoned)
and a flying skull (summoned).

Vanquished Creatures
  Bai Suzhen (Shoals:4)
  A titan (Shoals:4)
  Polyphemus (Shoals:2)
  2 acid blobs (Slime:2)
  A shadow dragon (shapeshifter) (Vaults:2)
  2 rockslimes
  2 azure jellies
  A balrug (D:14)
  A frost giant (Vaults:3)
  2 orc warlords
  12 vault wardens
  A cacodemon (D:14)
  10 ironbound preservers
  A stone giant (Vaults:3)
  3 very ugly things (Vaults:2)
  2 quicksilver oozes
  An ironbound thunderhulk (Vaults:2)
  An entropy weaver (Vaults:2)
  3 dire elephants (Lair:6)
  Snorg (D:14)
  7 yaktaur captains
  12 merfolk impalers
  2 great orbs of eyes
  18 vault guards
  6 merfolk javelineers (Shoals:4)
  6 hydras
  8 merfolk avatars
  11 merfolk aquamancers
  2 ogre magi (Orc:2)
  2 boulder beetles
  13 centaur warriors
  3 ironbound frosthearts
  A two-headed ogre (D:14)
  5 catoblepae
  An alligator (Shoals:2)
  An anaconda (Shoals:2)
  9 death yaks
  5 orc high priests (Orc:2)
  4 skeletal warriors (D:12)
  A sixfirhy (D:14)
  13 sea snakes
  A spectral anaconda (Lair:6)
  17 deep trolls
  6 wizards
  An orange crystal statue (Vaults:2)
  7 ironbound convokers
  7 lindwurms
  30 harpies
  16 orc knights
  3 shining eyes
  4 necromancers (Lair:6)
  10 ugly things
  4 orc sorcerers (Orc:2)
  7 oklob plants
  A dire elephant zombie (Lair:6)
  12 manticores
  3 cyclopes
  11 fauns
  A rust devil (D:14)
  13 water nymphs
  7 merfolk sirens
  22 elephants
  2 black mambas
  21 cane toads
  10 vault sentinels
  3 torpor snails
  2 rime drakes
  23 yaktaurs
  A hellwing (D:14)
  8 komodo dragons
  7 kobold demonologists
  3 ice devils (D:14)
  3 meliai (D:14)
  6 trolls
  A queen bee (Lair:1)
  34 merfolk
  A hornet (shapeshifter) (D:14)
  A polar bear (Lair:4)
  53 slime creatures
  7 wind drakes
  8 dream sheep
  2 spectral elephants (Lair:6)
  4 blink frogs (Lair:6)
  10 snapping turtles
  A vampire (D:10)
  6 air elementals (Shoals:4)
  12 water elementals
  3 wyverns
  64 yaks
  A wraith (D:12)
  6 basilisks
  3 steam dragons
  A redback (Vaults:2)
  4 vampire mosquitoes
  3 acid dragons
  3 wargs (Orc:2)
  Duvessa (D:5)
  17 water moccasins
  2 black bears
  24 orc warriors
  An ice beast (D:3)
  An elephant zombie (Lair:6)
  15 ogres
  8 wolves (Lair:4)
  19 centaurs
  4 kobold brigands
  10 bullfrogs
  2 gnoll sergeants (D:8)
  4 necrophages
  7 scorpions
  5 wights (D:10)
  Dowan (D:5)
  31 killer bees
  4 howler monkeys
  4 centaur zombies (Ossuary)
  7 hounds
  12 orc priests
  A gnoll shaman (Orc:1)
  7 jellies
  6 hell rats (Lair:6)
  4 iguanas
  Ijyb (D:3)
  28 orc wizards
  5 mummies (Ossuary)
  9 adders
  15 gnolls
  A white imp (D:8)
  3 ufetubi (D:5)
  5 worms
  A dart slug (D:1)
  76 orcs
  7 endoplasms
  7 giant cockroaches
  4 goblins
  7 hobgoblins
  4 jackals
  4 quokkas
  10 ball pythons
  6 bats
  3 frilled lizards
  2 goblin zombies (Ossuary)
  A hobgoblin zombie (Ossuary)
  32 kobolds
  An orc zombie (Ossuary)
  6 rats
1114 creatures vanquished.

Vanquished Creatures (others)
  70 fungi
  127 plants
  31 withered plants (Lair:6)
228 creatures vanquished.

Grand Total: 1342 creatures vanquished

Notes
Turn   | Place    | Note
-------+----------+-------------------------------------------
     0 | D:1      | Bruhh the Ogre Earth Elementalist began the quest for the
                  | Orb.
     0 | D:1      | Reached XP level 1. HP: 16/16 MP: 3/3
    72 | D:1      | Reached XP level 2. HP: 11/24 MP: 0/5
   916 | D:1      | Reached XP level 3. HP: 31/31 MP: 7/7
  1249 | D:2      | Found the amulet of Elemental Vulnerability {rPois rF--
                  | rC-- AC+8}
  1540 | D:2      | Reached XP level 4. HP: 39/39 MP: 3/9
  1765 | D:2      | Found a radiant altar of Vehumet.
  1789 | D:2      | Became a worshipper of Vehumet
  2017 | D:2      | Learned a level 3 spell: Stone Arrow
  2224 | D:3      | Noticed Ijyb
  2399 | D:3      | Found Zefuownu's Antique Weapon Shop.
  2412 | D:3      | Found Nokhen's Assorted Antiques.
  2458 | D:3      | Noticed an ice beast
  2470 | D:3      | Killed an ice beast
  2471 | D:3      | Reached XP level 5. HP: 45/45 MP: 3/11
  2642 | D:4      | Noticed an ogre
  2644 | D:4      | Killed an ogre
  2645 | D:4      | Reached skill level 5 in Earth Magic
  2645 | D:4      | Reached XP level 6. HP: 53/53 MP: 5/12
  2779 | D:3      | Found Komiggil's Antique Weapon Boutique.
  2816 | D:3      | Found Yleesche's Weapon Boutique.
  2852 | D:3      | Found Meullog's Antique Armour Shop.
  2863 | D:3      | Reached * piety under Vehumet
  2863 | D:3      | Offered knowledge of Shock by Vehumet.
  3055 | D:3      | Found a shadowy altar of Dithmenos.
  3157 | D:3      | Killed Ijyb
  3203 | D:3      | Found a transporter.
  3205 | D:3      | Noticed a sky beast
  3213 | D:3      | Found a broken altar of Ashenzari.
  3449 | D:3      | Noticed Sat's ghost (novice MiBe)
  3464 | D:3      | Found a transporter.
  3496 | D:3      | Found a basalt altar of Yredelemnul.
  3513 | D:3      | Found a sparkling altar of Nemelex Xobeh.
  3678 | D:4      | Found a large runed translucent door.
  3680 | D:4      | Found a large runed translucent door.
  3740 | D:4      | Reached XP level 7. HP: 58/59 MP: 0/13
  3845 | D:4      | Found a staircase to the Ecumenical Temple.
  4479 | D:4      | Found an iron altar of Okawaru.
  4618 | D:4      | Found a white marble altar of Elyvilon.
  4633 | D:5      | Entered Level 5 of the Dungeon
  4697 | D:5      | Reached skill level 5 in Conjurations
  4700 | D:5      | Learned a level 2 spell: Poisonous Vapours
  4702 | D:5      | Found a shimmering blue altar of Sif Muna.
  4885 | D:5      | Reached skill level 1 in Poison Magic
  5199 | D:5      | Offered knowledge of Magic Dart by Vehumet.
  5200 | D:5      | Reached skill level 5 in Spellcasting
  5200 | D:5      | Reached XP level 8. HP: 67/67 MP: 2/15
  5359 | D:5      | Found a runed translucent door.
  5360 | D:5      | Noticed generaletaddeo's ghost (amateur DjCA)
  5396 | D:5      | Reached ** piety under Vehumet
  5540 | D:5      | Found a runed translucent door.
  5748 | D:5      | Noticed Duvessa
  5748 | D:5      | Noticed Dowan
  5765 | D:5      | Killed Duvessa
  5768 | D:5      | Killed Dowan
  6339 | D:6      | Reached skill level 5 in Poison Magic
  6453 | D:6      | Noticed a +0 dagger
  6454 | D:6      | Noticed a +0 spear
  6455 | D:6      | Noticed a +0 short sword
  6455 | D:6      | Noticed a +0 falchion
  6456 | D:6      | Noticed a +0 falchion
  6456 | D:6      | Noticed a +0 short sword
  6457 | D:6      | Noticed a +0 dagger
  6467 | D:6      | Noticed a +0 spear
  6469 | D:6      | Found a hide-covered altar of Uskayaw.
  6606 | D:6      | Reached XP level 9. HP: 74/74 MP: 15/18
  6611 | D:6      | Learned a level 4 spell: Olgreb's Toxic Radiance
  6650 | D:6      | Found a sacrificial altar of Ru.
  7097 | D:7      | Found a radiant altar of Vehumet.
  7150 | D:7      | Reached skill level 1 in Fighting
  7419 | D:7      | Offered knowledge of Static Discharge by Vehumet.
  7420 | D:7      | Reached skill level 2 in Fighting
  7577 | D:7      | Reached skill level 3 in Fighting
  8238 | D:7      | Identified the +5 mace of Maedul {holy, +Blink Int+6}
  8268 | D:7      | Identified the +0 ring mail "Pomuaj" {rC- rN+++ Int+9
                  | Slay-3}
  8330 | D:7      | Reached skill level 4 in Fighting
  8488 | D:8      | Found a sand-covered staircase.
  8497 | Ossuary  | Entered an ossuary
  8618 | Ossuary  | Reached *** piety under Vehumet
  8619 | Ossuary  | Reached skill level 5 in Fighting
  9110 | D:8      | Reached skill level 6 in Fighting
  9281 | D:8      | Reached skill level 7 in Fighting
  9837 | D:8      | Reached XP level 10. HP: 82/102 MP: 14/21
 10140 | D:9      | Offered knowledge of Frozen Ramparts by Vehumet.
 10224 | D:9      | Found a staircase to the Orcish Mines.
 10326 | D:9      | Reached skill level 8 in Fighting
 10818 | D:9      | Found an opulent altar of Gozag.
 10846 | D:9      | Reached skill level 9 in Fighting
 10884 | D:9      | Found an ancient bone altar of Kikubaaqudgha.
 11048 | D:10     | Entered Level 10 of the Dungeon
 11237 | D:10     | Reached **** piety under Vehumet
 11460 | D:10     | Learned a level 3 spell: Frozen Ramparts
 11514 | D:10     | Offered knowledge of Iskenderun's Battlesphere by Vehumet.
 11802 | D:10     | Found a staircase to the Lair.
 11826 | D:10     | Learned a level 5 spell: Iskenderun's Battlesphere
 11864 | D:10     | Reached skill level 10 in Fighting
 11895 | D:10     | Noticed an orc knight
 11915 | D:10     | Reached skill level 10 in Spellcasting
 11918 | D:10     | Killed an orc knight
 12201 | D:10     | Reached skill level 1 in Evocations
 12216 | D:10     | Reached XP level 11. HP: 113/117 MP: 24/25
 12407 | D:10     | Identified the +10 long sword of the Vine {freeze, rElec
                  | Dex+2}
 12496 | D:10     | You fall into a shaft and drop 1 floor!
 12496 | D:11     | Found Ceqeas's Weapon Shop.
 12675 | Lair:1   | Entered Level 1 of the Lair of Beasts
 12821 | Lair:1   | Reached ***** piety under Vehumet
 12821 | Lair:1   | Offered knowledge of Iskenderun's Mystic Blast by Vehumet.
 12822 | Lair:1   | Reached skill level 5 in Evocations
 12934 | Lair:1   | Noticed a four-headed hydra
 12941 | Lair:1   | Killed a four-headed hydra
 13207 | Lair:1   | Found a stormy altar of Qazlal.
 13712 | Lair:2   | Found a hole to the Spider Nest.
 13910 | Lair:2   | Reached XP level 12. HP: 117/126 MP: 16/26
 14373 | Lair:2   | Noticed a seven-headed hydra
 14378 | Lair:2   | Killed a seven-headed hydra
 15210 | Lair:2   | Learned a level 4 spell: Iskenderun's Mystic Blast
 15234 | Lair:3   | Reached skill level 10 in Evocations
 15559 | Lair:3   | Reached skill level 11 in Fighting
 15610 | Lair:3   | Reached skill level 12 in Fighting
 15797 | Lair:3   | Noticed an eight-headed hydra
 15802 | Lair:3   | Killed an eight-headed hydra
 15903 | Lair:3   | Reached skill level 13 in Fighting
 16281 | Lair:3   | Reached skill level 14 in Fighting
 16286 | Lair:3   | Identified the +7 fustibalus "Killer Klown's Bane" {speed,
                  | Will+}
 16462 | Lair:4   | Reached XP level 13. HP: 146/146 MP: 27/27
 16551 | Lair:4   | Reached skill level 15 in Fighting
 16644 | Lair:4   | Found a staircase to the Shoals.
 16806 | Lair:4   | Reached skill level 1 in Armour
 17567 | Lair:4   | Reached skill level 5 in Armour
 18168 | Lair:5   | Noticed an azure jelly
 18768 | Lair:5   | Offered knowledge of Ozocubu's Refrigeration by Vehumet.
 18778 | Lair:5   | Learned a level 7 spell: Ozocubu's Refrigeration
 18825 | Lair:5   | Reached skill level 1 in Ice Magic
 19352 | Lair:5   | Killed an azure jelly
 19904 | Lair:5   | Reached XP level 14. HP: 69/159 MP: 28/28
 20107 | Lair:5   | Found a staircase to the Slime Pits.
 20529 | Lair:5   | Reached skill level 5 in Ice Magic
 20599 | Lair:6   | Entered Level 6 of the Lair of Beasts
 21640 | Lair:6   | Noticed a dire elephant
 21640 | Lair:6   | Noticed a dire elephant
 21640 | Lair:6   | Noticed a dire elephant
 21679 | Lair:6   | Identified a scroll of acquirement
 21680 | Lair:6   | Acquired the +0 kite shield of Noecuyba {rF+ rC+ Str+8
                  | Dex-3}
 21939 | Lair:6   | Reached skill level 1 in Shields
 22297 | Lair:6   | Killed a dire elephant
 22297 | Lair:6   | Killed a dire elephant
 22314 | Lair:6   | Killed a dire elephant
 22983 | Lair:6   | Offered knowledge of Freezing Cloud by Vehumet.
 22984 | Lair:6   | Reached skill level 5 in Shields
 23780 | Orc:1    | Entered Level 1 of the Orcish Mines
 24591 | Orc:2    | Entered Level 2 of the Orcish Mines
 24822 | Orc:2    | Found Benkuyb's General Store.
 24845 | Orc:2    | Reached XP level 15. HP: 80/167 MP: 24/29
 24851 | Orc:2    | Bought a book of Power for 672 gold pieces
 24857 | Orc:2    | Learned a level 5 spell: Freezing Cloud
 25495 | Orc:2    | Noticed an orc warlord
 25511 | Orc:2    | Killed an orc warlord
 25637 | Orc:2    | Reached skill level 10 in Ice Magic
 25724 | Orc:2    | Found Todetios's Jewellery Shop.
 25739 | Orc:2    | Found Poaxichu's Antique Armour Boutique.
 25747 | Orc:2    | Bought an embroidered hat for 196 gold pieces
 25770 | Orc:2    | Found a staircase to the Elven Halls.
 26046 | Orc:2    | Offered knowledge of Eringya's Noxious Bog by Vehumet.
 26057 | Orc:2    | Learned a level 6 spell: Eringya's Noxious Bog
 26116 | Orc:2    | Found Vuitt's Jewellery Shoppe.
 26124 | Orc:2    | Bought an amulet of regeneration for 360 gold pieces
 26254 | Orc:2    | Found Ysiuwk's Antique Weapon Boutique.
 26293 | Orc:2    | Found Jiatyexa's Magic Scroll Shoppe.
 27188 | Orc:2    | Found Xamumes's Armour Emporium.
 27216 | Orc:2    | Bought 3 scrolls of teleportation for 99 gold pieces
 27216 | Orc:2    | Bought a scroll of blinking for 82 gold pieces
 27216 | Orc:2    | Bought a scroll of amnesia for 38 gold pieces
 27662 | D:11     | Found the +7 captain's cutlass {speed, disarm}
 29567 | D:13     | Offered knowledge of Orb of Destruction by Vehumet.
 29977 | D:13     | Found a gate to the Vaults.
 30537 | D:14     | Noticed Snorg
 30546 | D:14     | Killed Snorg
 30775 | D:14     | Reached skill level 10 in Shields
 30775 | D:14     | Reached XP level 16. HP: 176/176 MP: 30/30
 30951 | D:14     | Reached XP level 17. HP: 160/184 MP: 26/31
 31239 | D:14     | Found an opulent altar of Gozag.
 31863 | D:14     | Found a burning altar of Makhleb.
 31877 | D:14     | Got the Collected Works on Arcane Weapons
 32118 | Shoals:1 | Entered Level 1 of the Shoals
 33419 | Shoals:1 | Learned a level 6 spell: Iron Shot
 34221 | Shoals:2 | Offered knowledge of Conjure Ball Lightning by Vehumet.
 35014 | Shoals:2 | Noticed Polyphemus
 36114 | Shoals:2 | Killed Polyphemus
 36719 | Shoals:3 | Reached ****** piety under Vehumet
 36777 | Shoals:3 | Offered knowledge of Lehudib's Crystal Spear by Vehumet.
 36868 | Shoals:3 | Reached skill level 10 in Poison Magic
 37036 | Shoals:3 | Reached XP level 18. HP: 193/193 MP: 32/32
 37378 | Shoals:3 | Found Nilacamm's General Store.
 37387 | Shoals:3 | Bought a potion of magic for 96 gold pieces
 37555 | Shoals:4 | Entered Level 4 of the Shoals
 37555 | Shoals:4 | Noticed Bai Suzhen
 37563 | Shoals:4 | Killed Bai Suzhen
 37846 | Shoals:4 | Reached skill level 10 in Earth Magic
 39298 | Shoals:3 | Learned a level 5 spell: Borgnjor's Vile Clutch
 39799 | Shoals:4 | Paralysed by an air elemental for 1 turns
 39981 | Shoals:4 | Paralysed by an air elemental for 1 turns
 40021 | Shoals:4 | Offered knowledge of Shatter by Vehumet.
 40021 | Shoals:4 | Offered knowledge of Polar Vortex by Vehumet.
 40021 | Shoals:4 | Offered knowledge of Maxwell's Capacitive Coupling by
                  | Vehumet.
 40125 | Shoals:4 | Found a stormy altar of Qazlal.
 40194 | Shoals:4 | Paralysed by an air elemental for 1 turns
 40289 | Shoals:4 | Identified the +7 quarterstaff of Golden Subterfuge
                  | {vorpal, Drain rElec rN+ Will+}
 40353 | Shoals:4 | Paralysed by an air elemental for 1 turns
 41094 | Shoals:4 | Noticed a titan
 41098 | Shoals:4 | Killed a titan
 41153 | Shoals:4 | Got a barnacled rune of Zot
 41802 | Slime:1  | Entered Level 1 of the Pits of Slime
 42057 | Slime:1  | Reached XP level 19. HP: 201/201 MP: 31/35
 42203 | Slime:2  | Gained mutation: You have hidden genetic defects. [a
                  | shining eye]
 42207 | Slime:1  | Lost mutation: You have hidden genetic defects. [potion of
                  | mutation]
 42207 | Slime:1  | Gained mutation: You possess an exceptional clarity of
                  | mind. [potion of mutation]
 42207 | Slime:1  | Gained mutation: You have a pair of small horns on your
                  | head. [potion of mutation]
 42207 | Slime:1  | Gained mutation: A frigid envelope surrounds you and
                  | freezes all who hurt you. [potion of mutation]
 42207 | Slime:1  | Gained mutation: You have an increased reservoir of magic.
                  | (+10% MP) [potion of mutation]
 42679 | Slime:2  | Gained mutation: You are partially covered in iridescent
                  | scales. (AC +2) [a shining eye]
 43134 | Vaults:1 | Entered Level 1 of the Vaults
 45559 | Vaults:2 | Reached skill level 16 in Fighting
 46310 | Vaults:2 | Reached skill level 15 in Earth Magic
 46603 | Vaults:2 | Reached skill level 17 in Fighting
 46870 | Vaults:2 | Found a gateway to a bazaar.
 46875 | Bazaar   | Entered a bazaar
 46896 | Bazaar   | Found Ytaohyac's Jewellery Emporium.
 46943 | Bazaar   | Found Ackodis's Book Shoppe.
 46995 | Bazaar   | Found Foinefun's General Store.
 47001 | Bazaar   | Bought a scroll of enchant armour for 105 gold pieces
 47050 | Bazaar   | Found Seteuphoaka's Weapon Emporium.
 47152 | Bazaar   | Bought the ring of Peace {Str+4 Int+6} for 960 gold pieces
 47197 | Vaults:2 | Acquired the +18 shield of the Gong {rElec rN+ Will+ EV-5}
 47197 | Vaults:2 | Found the +18 shield of the Gong {rElec rN+ Will+ EV-5}
 47513 | Vaults:2 | You fall into a shaft and drop 1 floor!
 47516 | Vaults:3 | Reached XP level 20. HP: 186/218 MP: 37/39
 47845 | Vaults:3 | Reached skill level 18 in Fighting
 48803 | Vaults:3 | Found a staircase to the Crypt.
 48811 | Vaults:3 | Slain by a phantasmal warrior

Illustrated notes

Levels and vault maps discovered:
D:1:      dpeg_arrival_short_road, layout_loops_ring
D:2:      layout_basic, basic_altar
D:3:      layout_basic, nicolae_overflow_quartered_altars,
          gammafunk_ghost_arena, serial_shops, shop,
          nicolae_shop_advertising_works [nicolae_subvault_shop_adworks], shop,
          nicolae_shop_hallway_stairs, shop, uniq_ijyb
D:4:      layout_basic, jmf_multi_god_temple2, minmay_temple_entry_overgrown
D:5:      layout_basic, led_sif_book, ebering_ghost_sewer_f,
          minmay_misc_feat_plants, minmay_starry_boxes, uniq_duvessa
D:6:      layout_rooms, mainiacjoe_overflow_small_starburst,
          nicolae_uskayaw_en_pointe
D:7:      layout_basic, vehumet_statue
D:8:      layout_basic, nicolae_ossuary_entry_ruins
D:9:      layout_loops_ring, lemuel_crystal_altar,
          lemuel_coloured_pillars_altar, hiddenorc1_lemuel, kennysheep_path_1
D:10:     layout_roguey, lair_entry_dummy, kennysheep_nub,
          hangedman_corner_corridor
D:11:     layout_roguey, serial_shops, nicolae_shop_bloodbath_and_beyond,
          minmay_between
D:12:     minmay_isolated_rectangles_in_corner, layout_loops_ring,
          portal_ice_cave_entry_pillars_1
D:13:     layout_small_grid, erik_vaults_2
D:14:     evilmike_makhleb_hellhole, layout_rooms, gauntlet_entry_generic,
          nicolae_gozag_cash_rules_everything_around_me, uniq_snorg
Lair:1:   layout_roguey [special_room_bee], lemuel_centaur_altar
Lair:2:   layout_cave_pods, nicolae_spider_entry_non_spiders
Lair:3:   layout_roguey, minmay_lair_oklob_items
Lair:4:   layout_regular_city, minmay_shoals_entry_centaurs,
          beast_lair_carwin_4, infiniplex_staircase_pool, grunt_megastairs_3
Lair:5:   layout_long_grid, minmay_slime_entry_oklob_open,
          grunt_forest_stairs_basic, nicolae_lair_time_for_slime,
          lemuel_fruit_tree
Lair:6:   due_jungle_book, layout_gridlike, serial_bayou_ford_a,
          chequers_serial_rivers_micro_a, chequers_serial_rivers_large_b,
          lemuel_fruit_fields
Shoals:1: layout_shoals, nicolae_shoals_seven_spires
Shoals:2: nzn_motion_control, layout_shoals,
          nicolae_shoals_siren_and_animal_friends, uniq_polyphemus
Shoals:3: layout_shoals, serial_shops, nicolae_stop_n_shop_1,
          nicolae_shoals_water_shrine
Shoals:4: shoals_end_hellmonk_storm_palace [storm_palace_center_circular,
          storm_palace_corner_pillars, storm_palace_corner_blocked,
          storm_palace_corner_altar, storm_palace_corner_pillars],
          uniq_bai_suzhen
Slime:1:  layout_caves
Slime:2:  layout_caves
Orc:1:    lemuel_ogre_cave, layout_diamond_mine
Orc:2:    grunt_orc_gardens, layout_caves, grunt_orc_garden, grunt_orc_garden,
          grunt_orc_garden, grunt_orc_garden, serial_shops,
          nicolae_diamond_shop, nicolae_volcano_entry_lava_flow, basic_altar,
          guppyfry_orc_lava_fort
Vaults:1: nicolae_vaults_three_branches, nicolae_vaults_twisting_passages,
          nicolae_vaults_border_crossing, v_rooms_4, vaults_room_stairs_pillars,
          v_misc_14, vaults_room_door_hall, v_misc_22,
          nicolae_vaults_puzzle_piece, nicolae_vaults_theta,
          ontoclasm_vaults_loading_screen, v_alt_pattern_4, vaults_room_pool,
          nicolae_vaults_rhombus_5, layout_vaults_omnibox
Vaults:2: grunt_vaults_funnel, hangedman_vaults_stretched_pinwheel,
          nicolae_vaults_little_squares_2, nicolae_vaults_gold_heap,
          vaults_mumra_chevron, dpeg_vaults_monster_row,
          vaults_mumra_minichess_inversion, nicolae_vaults_network_square,
          vaults_dpeg_ring, ontoclasm_vaults_ring_square, st_lattice,
          nicolae_vaults_network_quinsquares
          [nicolae_vaults_network_quincunx_subvault,
          nicolae_vaults_network_quincunx_subvault,
          nicolae_vaults_network_quincunx_subvault,
          nicolae_vaults_network_quincunx_subvault],
          nicolae_vaults_little_squares_2, vaults_room_grunt_arrival_ludios,
          layout_vaults_ring, serial_shops, statue_bzr
Vaults:3: portal_desolation_entry_ruin, minmay_crypt_entry_simple_sparse,
          v_misc_12, v_misc_11, nicolae_vaults_circle_grid_b,
          vaults_room_ringed_pool, grunt_vaults_hallway_long, v_misc_17,
          vaults_room_pools, nicolae_vaults_mini_display_case,
          ontoclasm_vaults_idyll, nicolae_vaults_meeting, vaults_mumra_hexcomb,
          layout_vaults_maze_bifur

Skill      XL: |  1  2  3  4  5  6  7  8  9 10 11 12 13 14 15 16 17 18 19 20 |
---------------+-------------------------------------------------------------+-----
Earth Magic    | 3 4 5 7 9 13 15 16 | 16.6
Spellcasting   | 3 4 5 6 7 10 12 | 12.1
Conjurations   | 2 3 5 6 |  6.0
Poison Magic   | 2 5 7 10 | 10.0
Fighting       | 7 10 14 15 17 18 | 18.0
Evocations     | 1 8 10 | 10.0
Armour         | 7 |  7.4
Ice Magic      | 3 9 11 12 | 12.0
Shields        | 5 10 12 14 | 14.0
Dodging        | |  1.7
Stealth        | |  1.4
Transmutations | |  0.8

Action                   |  1- 3 |  4- 6 |  7- 9 | 10-12 | 13-15 | 16-18 | 19-21 || total
-------------------------+-------+-------+-------+-------+-------+-------+-------++-------
Melee: Short sword       |    67 |    82 |       |       |       |       |       ||   149
       Long sword        |       |       |    56 |       |       |       |       ||    56
       Punch             |       |       |     3 |       |     3 |       |       ||     6
       Mace              |       |       |    43 |    67 |   131 |    68 |     9 ||   318
       Giant spiked club |       |       |     6 |       |       |       |       ||     6
       Headbutt          |       |       |       |       |       |       |     2 ||     2
 Cast: Sandblast         |    35 |    34 |    96 |    52 |    24 |     8 |       ||   249
       Stone Arrow       |       |    22 |    71 |   147 |   495 |   238 |     2 ||   975
       Poisonous Vapours |       |       |     5 |       |     2 |       |       ||     7
       Olgreb's Toxic Ra |       |       |     4 |    33 |    85 |     4 |       ||   126
       Iskenderun's Batt |       |       |       |     5 |     2 |       |       ||     7
       Frozen Ramparts   |       |       |       |    10 |     8 |     1 |       ||    19
       Iskenderun's Myst |       |       |       |     6 |    22 |       |       ||    28
       Ozocubu's Refrige |       |       |       |       |    14 |   130 |   107 ||   251
       Freezing Cloud    |       |       |       |       |     7 |     1 |     2 ||    10
       Eringya's Noxious |       |       |       |       |     3 |     5 |       ||     8
       Iron Shot         |       |       |       |       |       |   141 |    93 ||   234
       Borgnjor's Vile C |       |       |       |       |       |     5 |     5 ||    10
Evoke: Wand              |       |       |     1 |       |    26 |     2 |       ||    29
       Phial of floods   |       |       |       |       |     1 |     1 |       ||     2
       Condenser vane    |       |       |       |       |     1 |       |       ||     1
       Phantom mirror    |       |       |       |       |     1 |       |       ||     1
       Lightning rod     |       |       |       |       |       |     4 |       ||     4
  Use: Scroll            |       |     3 |     4 |     3 |    16 |     8 |     3 ||    37
       Potion            |       |     2 |     5 |     6 |     3 |     3 |     1 ||    20
 Stab: Sleeping          |     1 |     1 |     3 |       |       |       |       ||     5
Armor: Robe              |    40 |    51 |   143 |    54 |    25 |    12 |       ||   325
       Troll leather arm |       |       |       |    91 |   201 |    37 |    12 ||   341
Dodge: Dodged            |    46 |    47 |   108 |   122 |   169 |    81 |    15 ||   588
Block: Kite shield       |       |       |       |       |    97 |   228 |    41 ||   366
       Reflection        |       |       |       |       |       |    20 |       ||    20

Table legend: (Time is in decaauts)
 A = Elapsed time spent in this place.
 B = Non-inter-level travel time spent in this place.
 C = Inter-level travel time spent in this place.
 D = Time resting spent in this place.
 E = Time spent auto-exploring this place.
 F = Levels seen in this place.
 G = Mean time per level.
                   A        B        C        D        E       F      G
               +--------+--------+--------+--------+--------+-----+--------+
         Total |  49600 |  47558 |   2042 |   3897 |  35527 |  33 | 1503.0 |
       Dungeon |  17276 |  16357 |    919 |     60 |  14095 |  14 | 1234.0 |
          Lair |  11607 |  10917 |    690 |    941 |   7996 |   6 | 1934.5 |
        Shoals |   9628 |   9500 |    128 |   1700 |   5549 |   4 | 2407.0 |
    Slime Pits |   1137 |   1124 |     13 |    283 |    660 |   2 |  568.5 |
  Orcish Mines |   3924 |   3714 |    210 |    689 |   2250 |   2 | 1962.0 |
        Vaults |   5362 |   5283 |     79 |    224 |   4503 |   3 | 1787.3 |
        Bazaar |    314 |    314 |      0 |      0 |    246 |   1 |  314.0 |
       Ossuary |    349 |    349 |      0 |      0 |    228 |   1 |  349.0 |
               +--------+--------+--------+--------+--------+-----+--------+

Top non-repeatable levels by time:
Shoals:4: 3446 daAuts
  Lair:6: 2870 daAuts
  Lair:5: 2675 daAuts
   Orc:2: 2332 daAuts
Vaults:1: 2298 daAuts
Shoals:3: 2210 daAuts
Shoals:2: 2047 daAuts
  Lair:4: 1972 daAuts
Shoals:1: 1924 daAuts
Vaults:2: 1766 daAuts
    D:10: 1697 daAuts
   Orc:1: 1592 daAuts
  Lair:2: 1582 daAuts
     D:5: 1463 daAuts
    D:14: 1429 daAuts
